[Event "Titled Tuesday Blitz February 07 Early 2023"]
[White "Fathy, Elameir"]
[Black "Ronka, Erik"]
[WhiteFideId "10600396"]
[BlackFideId "505080"]
[WhiteElo "2300"]
[BlackElo "2276"]
[Result "0-1"]
[Round "09"]
[TimeControl "180+2"]
[Date "2023.02.07"]
[WhiteClock "0:00:02"]
[BlackClock "0:00:05"]

1. d4 d5 2. c4 c6 3. Nc3 Nf6 4. e3 e6 5. Nf3 Nbd7 6. Be2 Bd6 7. O-O O-O 8. b3 b6 9. Bb2 Bb7 10. Bd3 c5 11. cxd5 Nxd5 12. Qe2 cxd4 13. Nxd4 Ne5 14. Rad1 Nxd3 15. Qxd3 Qh4 16. Nf3 Qg4 17. h3 Qh5 18. Nxd5 exd5 19. Nd4 Rad8 20. Nf5 Bb8 21. Bxg7 Rfe8 22. Bc3 Qg6 23. Nd4 Rc8 24. Qxg6+ hxg6 25. Bb2 Be5 26. Rd2 Ba6 27. Rfd1 Bg7 28. Nf3 Bb7 29. Bxg7 Kxg7 30. Nd4 Rc5 31. Ne2 Rec8 32. Nf4 Rc2 33. Kf1 Ba6+ 34. Ke1 Bb7 35. g3 Rxd2 36. Kxd2 Rc5 37. Rc1 Ra5 38. a4 g5 39. Ne2 Rc5 40. Nd4 Kf6 41. b4 Rc4 42. Rxc4 dxc4 43. Kc3 Bd5 44. Nb5 a6 45. Nc7 Bg2 46. Kxc4 Bxh3 47. Nxa6 Bf1+ 48. Kd5 Bxa6 49. Kc6 Ke5 50. Kxb6 Bf1 51. b5 Kd6 52. a5 g4 53. a6 f5 54. Ka5 Kc7 55. b6+ Kb8 56. b7 Ka7 57. Kb4 Bxa6 58. Kc5 Bxb7 59. Kd4 Be4 60. Ke5 Kb6 61. Kf4 Kc5 0-1


[Site "https://www.chess.com"]

[Event "Titled Tuesday Blitz February 07 Early 2023"]
[White "Zacurdajev, Dmitry"]
[Black "Jiganchine, Roman"]
[WhiteFideId "4196309"]
[BlackFideId "2603667"]
[WhiteElo "2273"]
[BlackElo "2205"]
[Result "1-0"]
[Round "09"]
[TimeControl "180+2"]
[Date "2023.02.07"]
[WhiteClock "0:00:03"]
[BlackClock "0:00:01"]

1. d4 d5 2. c4 e6 3. Nc3 Nf6 4. Nf3 c5 5. cxd5 cxd4 6. Qxd4 exd5 7. Bg5 Be7 8. e3 O-O 9. Be2 Nc6 10. Qa4 h6 11. Bh4 Be6 12. O-O Qb6 13. Qb3 Rfd8 14. Qxb6 axb6 15. Nb5 Rac8 16. Nfd4 g5 17. Bg3 Ne4 18. Rfd1 Nxg3 19. hxg3 Bf6 20. Rac1 Kg7 21. a3 Ne5 22. Rxc8 Rxc8 23. Nd6 Rb8 24. Rc1 Nc6 25. N4f5+ Kg6 26. Bd3 Ne5 27. Bb1 g4 28. Ne7+ Kg7 29. Nef5+ Kf8 30. Rc7 Nc4 31. Nxc4 dxc4 32. Nxh6 Bxb2 33. Nf5 Bxa3 34. Nd4 1-0


[Site "https://www.chess.com"]

[Event "Titled Tuesday Blitz February 07 Early 2023"]
[White "Buchenau, Frank"]
[Black "Chakravarthi Reddy, M"]
[WhiteFideId "4604350"]
[BlackFideId "25009532"]
[WhiteElo "2222"]
[BlackElo "2279"]
[Result "0-1"]
[Round "09"]
[TimeControl "180+2"]
[Date "2023.02.07"]
[WhiteClock "0:00:01"]
[BlackClock "0:00:07"]

1. e4 e5 2. Nf3 Nc6 3. Bc4 Nf6 4. d3 Bc5 5. O-O O-O 6. c3 d5 7. exd5 Nxd5 8. Re1 Nb6 9. b4 Bd6 10. Bg5 Qd7 11. Bb3 Qg4 12. h3 Qh5 13. Nbd2 Re8 14. Ne4 h6 15. Be3 Be6 16. a4 Nd5 17. Bd2 Nf4 18. Bxf4 exf4 19. a5 Rad8 20. d4 Bxb3 21. Qxb3 Ne7 22. Nxd6 Rxd6 23. Re4 Qf5 24. Rae1 Kf8 25. Ne5 Re6 26. Nd7+ Kg8 27. Rxe6 fxe6 28. Qxe6+ Qxe6 29. Rxe6 Kf7 30. Re4 Nd5 31. Rxe8 Kxe8 32. Nc5 Nxc3 33. Ne6 g5 34. h4 Kd7 35. Nc5+ Kc6 36. hxg5 hxg5 37. Ne6 Kd5 38. Nxg5 Kxd4 39. Ne6+ Kc4 40. Nxf4 Kxb4 41. g4 Kxa5 42. g5 b5 43. g6 Ne4 44. g7 Nf6 45. Nd5 Ng8 46. f4 b4 47. f5 b3 48. f6 b2 49. Nc3 Nxf6 50. Kf2 Kb4 51. Nd5+ Ka3 52. Nxf6 b1=Q 53. g8=Q Qf5+ 54. Ke2 Qxf6 55. Qc4 Qe5+ 0-1


[Site "https://www.chess.com"]

[Event "Titled Tuesday Blitz February 07 Early 2023"]
[White "Jenkins, Drake"]
[Black "Gatterer, Florian"]
[WhiteFideId "2022397"]
[BlackFideId "811688"]
[WhiteElo "2130"]
[BlackElo "2170"]
[Result "1/2-1/2"]
[Round "09"]
[TimeControl "180+2"]
[Date "2023.02.07"]
[WhiteClock "0:02:13"]
[BlackClock "0:01:53"]

1. Nf3 g6 2. c4 c5 3. g3 Bg7 4. Nc3 Nc6 5. Bg2 Nf6 6. d4 cxd4 7. Nxd4 O-O 8. Nc2 d6 9. O-O Qd7 10. b3 a6 11. Bb2 Qd8 12. Qd2 Be6 13. Ne3 h5 14. Ncd5 Bxd5 15. Nxd5 Nxd5 16. Bxd5 Bxb2 17. Qxb2 Rc8 18. Rfd1 Qc7 19. Qd2 Kg7 20. Rac1 1/2-1/2


[Site "https://www.chess.com"]

[Event "Titled Tuesday Blitz February 07 Early 2023"]
[White "Shubenkova, Veronika"]
[Black "Vifleemskaia, Svetlana"]
[WhiteFideId "44124040"]
[BlackFideId "4129490"]
[WhiteElo "1960"]
[BlackElo "1971"]
[Result "0-1"]
[Round "09"]
[TimeControl "180+2"]
[Date "2023.02.07"]
[WhiteClock "0:00:56"]
[BlackClock "0:00:46"]

1. e4 e5 2. Nf3 Nc6 3. Bb5 a6 4. Bxc6 dxc6 5. O-O f6 6. d4 exd4 7. e5 Bg4 8. exf6 Qxf6 9. Re1+ Be7 10. Qxd4 Bxf3 11. Qxf6 Nxf6 12. gxf3 Kf7 13. Nc3 Bb4 14. Bd2 Rad8 15. Re2 Rhe8 16. Rae1 Rxd2 17. Rxe8 Nxe8 18. Ne4 Rxc2 19. Ng5+ Kg6 20. Rxe8 Kxg5 21. a3 Bc5 22. b4 Bxf2+ 23. Kh1 Kf6 24. Rf8+ Kg6 25. Rb8 b5 26. Ra8 Bb6 27. Rxa6 Kf5 28. Ra8 Rc3 29. Kg2 Rc2+ 30. Kg3 Bd4 31. Rf8+ Bf6 32. h4 h5 33. Ra8 Rc3 34. a4 bxa4 35. Rxa4 Rc4 36. Ra5+ Kg6 37. Ra6 Bxh4+ 38. Kh3 Bf6 39. Kg3 h4+ 40. Kh3 Kf7 41. Ra7 Be5 42. Ra6 Ke7 43. Ra5 Kd6 44. b5 cxb5 45. Rxb5 Bf6 46. Rb8 Rf4 47. Kg2 c5 48. Rc8 Kd5 49. Rc7 c4 50. Rd7+ Kc5 51. Rc7+ Kb4 52. Rb7+ Kc3 53. Kf2 Bd4+ 54. Ke2 h3 55. Rb1 h2 56. Rc1+ Kb3 57. Rh1 Bg1 0-1


[Site "https://www.chess.com"]

[Event "Titled Tuesday Blitz February 07 Early 2023"]
[White "Koridze, Lile"]
[Black "Ansh M Shah"]
[WhiteFideId "13612514"]
[BlackFideId "25033379"]
[WhiteElo "2191"]
[BlackElo "2171"]
[Result "0-1"]
[Round "09"]
[TimeControl "180+2"]
[Date "2023.02.07"]
[WhiteClock "0:00:20"]
[BlackClock "0:00:04"]

1. d4 Nf6 2. c4 e6 3. Nf3 d5 4. g3 Be7 5. Bg2 O-O 6. O-O dxc4 7. Qc2 a6 8. a4 Bd7 9. Bg5 Bc6 10. a5 Nbd7 11. Qxc4 Bd5 12. Qc2 c5 13. dxc5 Nxc5 14. Nc3 Bb3 15. Qc1 Rc8 16. Rd1 Qe8 17. Nd4 Bxd1 18. Qxd1 h6 19. Be3 Qd7 20. b4 e5 21. bxc5 exd4 22. Bxd4 Rfd8 23. e3 Bxc5 24. Bxf6 Qxd1+ 25. Rxd1 Rxd1+ 26. Nxd1 gxf6 27. Bxb7 Rd8 28. Nc3 Bb4 29. Ne4 f5 30. Nf6+ Kh8 31. Nd5 Bxa5 32. Nf4 Rd6 33. Kf1 Bc3 34. Ke2 a5 35. Nd5 Be5 36. f4 Bb2 37. Ba8 a4 38. Nb4 a3 39. Bd5 Rb6 40. Na2 Kg7 41. Kd3 Bf6 42. h3 Rb2 43. e4 fxe4+ 44. Kxe4 Rh2 45. h4 Re2+ 46. Kf3 Rb2 47. Ke4 Be7 48. h5 Kf6 49. g4 Bb4 50. Kf3 Ke7 51. Ke4 f6 52. Kf5 Rd2 53. Bb3 Rd3 54. Bc4 Rd4 55. Bb3 Bd2 56. Kg6 Bxf4 57. Bg8 Bg5 58. Kf5 Rf4+ 59. Kg6 Rxg4 60. Kh7 Rg2 61. Bb3 f5 62. Bd5 Rd2 63. Nb4 f4 64. Bb3 Rb2 65. Nd5+ Kd6 66. Bc4 a2 67. Bxa2 Rxa2 68. Nf6 Ra7+ 69. Kg8 Bxf6 70. Kf8 Be7+ 71. Ke8 Bg5 72. Kf8 Ke6 73. Kg8 Kf6 74. Kh8 Re7 75. Kg8 f3 76. Kh8 f2 77. Kg8 f1=Q 78. Kh8 Qf5 79. Kg8 Qh7+ 80. Kf8 Qg7# 0-1


[Site "https://www.chess.com"]

[Event "Titled Tuesday Blitz February 07 Early 2023"]
[White "Wilson, Elvin"]
[Black "Maung, Maung Kyaw Zaw Hein"]
[WhiteFideId "2014874"]
[BlackFideId "13001698"]
[WhiteElo "2183"]
[BlackElo "2119"]
[Result "1-0"]
[Round "09"]
[TimeControl "180+2"]
[Date "2023.02.07"]
[WhiteClock "0:01:25"]
[BlackClock "0:01:42"]

1. c4 c6 2. g3 d5 3. Nf3 Nf6 4. Bg2 Bf5 5. d4 e6 6. Nc3 Nbd7 7. Qb3 Qb6 8. c5 Qc7 9. Bf4 Qc8 10. h3 h6 11. g4 Bh7 12. O-O Be7 13. Qd1 a5 14. a3 b5 15. cxb6 Nxb6 16. Ne5 O-O 17. Rc1 Qb7 18. Nxc6 Qxc6 19. Nxd5 Qxd5 20. Bxd5 Nbxd5 21. Be5 Rfc8 22. Rxc8+ Rxc8 23. Qa4 Bd8 24. f3 Rc2 25. e4 Nb6 26. Qxc2 1-0


[Site "https://www.chess.com"]

[Event "Titled Tuesday Blitz February 07 Early 2023"]
[White "Jovic, Stanoje"]
[Black "Bruned, Boris"]
[WhiteFideId "905020"]
[BlackFideId "621790"]
[WhiteElo "2075"]
[BlackElo "2133"]
[Result "1-0"]
[Round "09"]
[TimeControl "180+2"]
[Date "2023.02.07"]
[WhiteClock "0:01:04"]
[BlackClock "0:00:02"]

1. c4 b6 2. g3 Bb7 3. Nf3 Bxf3 4. exf3 c5 5. d4 cxd4 6. Qxd4 Nc6 7. Qd2 g6 8. Bg2 Bg7 9. O-O Nf6 10. Nc3 O-O 11. b3 d5 12. cxd5 Nxd5 13. Nxd5 Bxa1 14. Ba3 Bg7 15. Rc1 Rc8 16. Rxc6 Rxc6 17. Nxe7+ Kh8 18. Qxd8 Rxd8 19. Nxc6 Rd2 20. Nxa7 Rc2 21. Nb5 Rxa2 22. Bf1 Ra1 23. Kg2 h5 24. Bc4 Kg8 25. Be7 Ra2 26. Bd8 Bf8 27. Bxb6 Rd2 28. Be3 Ra2 29. Nc7 Rc2 30. Nd5 Rb2 31. Nf6+ 1-0


[Site "https://www.chess.com"]

[Event "Titled Tuesday Blitz February 07 Early 2023"]
[White "Avazkhonov, Alikhon"]
[Black "Vaglio Munoz, Jaime"]
[WhiteFideId "14208504"]
[BlackFideId "6500145"]
[WhiteElo "1538"]
[BlackElo "2174"]
[Result "1-0"]
[Round "09"]
[TimeControl "180+2"]
[Date "2023.02.07"]
[WhiteClock "0:00:47"]
[BlackClock "0:00:16"]

1. d4 c6 2. c4 b5 3. cxb5 cxb5 4. e4 Bb7 5. f3 a6 6. Nc3 b4 7. Nce2 e6 8. Ng3 Nf6 9. Bd3 Qb6 10. Be3 e5 11. N1e2 Nc6 12. Nf5 exd4 13. Nexd4 Nxd4 14. Bxd4 Bc5 15. Nxg7+ Kf8 16. Bxc5+ Qxc5 17. Nf5 d5 18. e5 Re8 19. Qe2 d4 20. f4 Nd5 21. O-O Rg8 22. Be4 Ne3 23. Bxb7 Nxf5 24. Qh5 Ne3 25. Rfc1 Qb6 26. Be4 d3 27. Rc6 Qd4 28. Qh6+ Rg7 29. Qd6+ Qxd6 30. Rxd6 Rc8 31. Rxd3 Ng4 32. Bf5 Rc2 33. Rd8+ Ke7 34. Rd7+ Ke8 35. Rad1 Rxg2+ 36. Kxg2 Ne3+ 37. Kf3 Nxf5 38. Rd8+ Ke7 39. R1d7+ Ke6 40. Ra7 Nd4+ 41. Rxd4 Kf5 42. Rd6 Rg8 43. Rf6# 1-0


[Site "https://www.chess.com"]

[Event "Titled Tuesday Blitz February 07 Early 2023"]
[White "Kostiukov, Alexandr"]
[Black "Adithya A Chullikkad"]
[WhiteFideId "14108100"]
[BlackFideId "45078734"]
[WhiteElo "2271"]
[BlackElo "2259"]
[Result "0-1"]
[Round "09"]
[TimeControl "180+2"]
[Date "2023.02.07"]
[WhiteClock "0:00:41"]
[BlackClock "0:00:17"]

1. g3 c5 2. c4 d6 3. Bg2 Nf6 4. Nc3 Nc6 5. Nf3 e6 6. O-O Be7 7. d4 cxd4 8. Nxd4 Bd7 9. b3 Nxd4 10. Qxd4 Bc6 11. e4 O-O 12. Bb2 Nd7 13. Nd5 Nf6 14. Nxe7+ Qxe7 15. Rad1 Rfd8 16. Ba3 Ne8 17. Qb2 Rd7 18. e5 Bxg2 19. Kxg2 Rad8 20. exd6 Nxd6 21. c5 Nb5 22. c6 Nxa3 23. cxd7 Nb5 24. Qe5 a6 25. a4 Na7 26. Qc7 Nc6 27. Qxb7 Na5 28. Rd2 Nxb7 29. Rfd1 Nc5 30. b4 Ne4 31. Rd4 Nf6 32. b5 axb5 33. axb5 Nd5 34. Rc4 Qxd7 35. Rdc1 Qxb5 36. Rc5 Qb7 37. Kh3 h5 38. f4 Nf6 39. Rc7 Qf3 40. Re7 Rd2 0-1


[Site "https://www.chess.com"]

[Event "Titled Tuesday Blitz February 07 Early 2023"]
[White "Onslow, Alfie"]
[Black "Melikhov, Evgeny V."]
[WhiteFideId "436976"]
[BlackFideId "4122046"]
[WhiteElo "2157"]
[BlackElo "2269"]
[Result "0-1"]
[Round "09"]
[TimeControl "180+2"]
[Date "2023.02.07"]
[WhiteClock "0:00:01"]
[BlackClock "0:00:11"]

1. Nf3 f5 2. d3 d6 3. e4 e5 4. Nc3 c5 5. Bg5 Be7 6. h4 Nf6 7. Be2 Nc6 8. Bxf6 Bxf6 9. Nd5 O-O 10. c3 Be6 11. Nxf6+ Qxf6 12. Qd2 f4 13. h5 h6 14. Nh4 Rfd8 15. O-O-O Bxa2 16. c4 Bb3 17. Rdg1 Nd4 18. Nf3 Ba4 19. Nxd4 cxd4 20. g3 f3 21. Bd1 Bxd1 22. Qxd1 Rac8 23. Kb1 a6 24. g4 b5 25. cxb5 axb5 26. Qb3+ Kh7 27. Rg3 Rc5 28. Qd1 Rdc8 29. Rxf3 Qg5 30. Qb3 Rc1+ 31. Rxc1 Qxc1+ 32. Ka2 Ra8+ 33. Qa3 Rxa3+ 34. Kxa3 b4+ 35. Kxb4 Qxb2+ 36. Kc4 Qc3+ 37. Kd5 Qc5+ 38. Ke6 Qc8+ 39. Kxd6 Qxg4 40. Rg3 Qxh5 41. Ke6 Qe8+ 42. Kf5 g6+ 43. Kf6 h5 44. f3 Kh6 45. f4 exf4 46. Rh3 g5 47. e5 g4 48. Rh1 f3 49. e6 Qf8+ 50. Ke5 Kg5 0-1


[Site "https://www.chess.com"]

[Event "Titled Tuesday Blitz February 07 Early 2023"]
[White "Goncalves, Davi Sulzbacher"]
[Black "Serpi, Andrea"]
[WhiteFideId "2154510"]
[BlackFideId "2847499"]
[WhiteElo "2282"]
[BlackElo "2191"]
[Result "1-0"]
[Round "09"]
[TimeControl "180+2"]
[Date "2023.02.07"]
[WhiteClock "0:00:14"]
[BlackClock "0:01:05"]

1. e4 e6 2. Nf3 d5 3. e5 c5 4. c3 Nc6 5. d4 Qb6 6. Be2 cxd4 7. cxd4 Nh6 8. Bxh6 Qxb2 9. Nbd2 gxh6 10. O-O Nxd4 11. Qa4+ Nc6 12. Rab1 Qa3 13. Qg4 Qc3 14. Rfc1 Nxe5 15. Qa4+ Bd7 16. Qxd7+ Kxd7 17. Rxc3 Nxf3+ 18. Nxf3 b6 19. Ne5+ Ke8 20. Bb5+ Ke7 21. Rc7+ Kd6 22. Nxf7+ Kxc7 23. Rc1+ Kb7 24. Bc6+ Ka6 25. Bxa8 Rg8 26. Rc8 d4 27. Be4 Rg4 28. Bd3+ Ka5 29. Rxf8 Kb4 30. Ne5 Rg5 31. f4 Rg7 32. Rc8 a5 33. g3 Ka3 34. Rc2 Ka4 35. Kf2 b5 36. Rb2 b4 37. Rb3 Rc7 38. Be4 Rc3 39. Bc6+ Rxc6 40. Nxc6 1-0


[Site "https://www.chess.com"]

[Event "Titled Tuesday Blitz February 07 Early 2023"]
[White "Larina, Maria"]
[Black "Rottenwohrer Suarez, Juan"]
[WhiteFideId "24113182"]
[BlackFideId "32068182"]
[WhiteElo "1948"]
[BlackElo "2265"]
[Result "0-1"]
[Round "09"]
[TimeControl "180+2"]
[Date "2023.02.07"]
[WhiteClock "0:00:02"]
[BlackClock "0:01:14"]

1. e4 c6 2. d4 d5 3. f3 e6 4. Nc3 Bb4 5. Ne2 Ne7 6. a3 Ba5 7. Be3 O-O 8. Qd2 Nd7 9. h4 e5 10. b4 Bc7 11. g4 a5 12. Rb1 axb4 13. axb4 exd4 14. Bxd4 Ne5 15. Bg2 Nc4 16. Qg5 f6 17. Qc1 Be6 18. h5 Bb6 19. Bxb6 Qxb6 20. h6 g6 21. g5 f5 22. exd5 Nxd5 23. Nd1 Rfe8 24. Kf1 Nde3+ 25. Nxe3 Nxe3+ 26. Kg1 Ng4+ 27. Kf1 Qf2# 0-1


[Site "https://www.chess.com"]

[Event "Titled Tuesday Blitz February 07 Early 2023"]
[White "Kornyukov, Alexey"]
[Black "Womacka, Mathias"]
[WhiteFideId "4150457"]
[BlackFideId "4611390"]
[WhiteElo "2452"]
[BlackElo "2396"]
[Result "1-0"]
[Round "09"]
[TimeControl "180+2"]
[Date "2023.02.07"]
[WhiteClock "0:00:30"]
[BlackClock "0:00:10"]

1. e4 c5 2. Nf3 d6 3. c3 Nf6 4. Be2 Bg4 5. O-O e6 6. h3 Bh5 7. e5 dxe5 8. Nxe5 Bxe2 9. Qxe2 Nbd7 10. Re1 Nxe5 11. Qxe5 Be7 12. d4 cxd4 13. cxd4 O-O 14. Qg3 Qxd4 15. Nc3 Rfd8 16. Be3 Qb4 17. Ne2 Nd5 18. Bh6 Qxb2 19. Rab1 Qf6 20. Be3 b6 21. Bd4 Qg6 22. Qf3 Rac8 23. Ng3 Rc2 24. Rbc1 Rxa2 25. Rc6 h6 26. Rec1 Nb4 27. Rc7 Bd6 28. Rc8 Rxc8 29. Rxc8+ Kh7 30. Qa8 Qb1+ 31. Kh2 Nd5 32. Rg8 f6 33. Qe8 1-0


[Site "https://www.chess.com"]

[Event "Titled Tuesday Blitz February 07 Early 2023"]
[White "Marchesich, Giovanni"]
[Black "Bozorov, Makhsum"]
[WhiteFideId "2824790"]
[BlackFideId "14201330"]
[WhiteElo "2217"]
[BlackElo "2145"]
[Result "0-1"]
[Round "09"]
[TimeControl "180+2"]
[Date "2023.02.07"]
[WhiteClock "0:00:04"]
[BlackClock "0:00:36"]

1. e4 e5 2. Nf3 Nc6 3. Nc3 Nf6 4. a3 d5 5. Bb5 Nxe4 6. Qe2 Qd6 7. Nxe4 dxe4 8. Qxe4 Bd7 9. d4 O-O-O 10. dxe5 Nxe5 11. Bxd7+ Qxd7 12. O-O Nxf3+ 13. Qxf3 Qd5 14. Qxd5 Rxd5 15. Be3 Bc5 16. Rfd1 Rxd1+ 17. Rxd1 Bxe3 18. fxe3 Re8 19. Kf2 Re7 20. Rd4 b6 21. b4 h5 22. Kf3 g6 23. h4 Kb7 24. c4 c5 25. Rd5 cxb4 26. axb4 Rc7 27. Rd4 a5 28. bxa5 bxa5 29. Ke4 Kc6 30. Kd3 Rd7 31. Kc3 Rxd4 32. exd4 f6 33. Kb3 g5 34. Ka4 gxh4 35. Kxa5 f5 36. d5+ Kc5 37. Ka6 f4 38. Kb7 h3 39. gxh3 f3 40. Kc7 f2 41. d6 f1=Q 42. d7 Qf4+ 43. Kc8 Qf5 44. Kc7 Qe5+ 45. Kc8 Qe6 46. Kc7 Qc6+ 47. Kd8 Kd6 48. c5+ Ke6 0-1


[Site "https://www.chess.com"]

[Event "Titled Tuesday Blitz February 07 Early 2023"]
[White "Nikologorsky, Matfei"]
[Black "Theytookourjobs"]
[WhiteFideId "24102474"]
[WhiteElo "2182"]
[BlackElo "2291"]
[Result "1/2-1/2"]
[Round "09"]
[TimeControl "180+2"]
[Date "2023.02.07"]
[WhiteClock "0:00:07"]
[BlackClock "0:00:06"]

1. e4 e6 2. d4 d5 3. Nd2 Be7 4. Bd3 Nf6 5. e5 Nfd7 6. Ne2 c5 7. c3 Nc6 8. Nf3 cxd4 9. cxd4 Bb4+ 10. Kf1 f6 11. exf6 Nxf6 12. Bf4 O-O 13. g3 e5 14. dxe5 Bh3+ 15. Kg1 Ng4 16. Bxh7+ Kh8 17. Qd3 Bc5 18. Ned4 Qb6 19. Ng5 Ncxe5 20. Qe2 Bxd4 21. Nxh3 Bxf2+ 22. Nxf2 Kxh7 23. Kg2 Nxf2 24. Qxe5 Ne4 25. Qh5+ Kg8 26. Rhf1 Qxb2+ 27. Kg1 Qd4+ 28. Kg2 Qf6 29. Rad1 Qf7 30. Qxf7+ Rxf7 31. Rxd5 Nf6 32. Rd2 Rc8 33. Re2 b5 34. Rfe1 b4 35. Be5 Ng4 36. Bf4 a5 37. h4 Nf6 38. Re6 a4 39. Ra6 Rc2+ 40. Kf3 Rxa2 41. Re4 Nxe4 42. Kxe4 b3 43. Be5 b2 44. Rb6 a3 45. g4 Re7 46. Kf5 Rxe5+ 47. Kg6 Re8 48. Rb7 Ra1 49. Rxg7+ Kf8 50. Rf7+ Kg8 51. Rg7+ Kf8 52. Rf7+ Kg8 53. Rg7+ 1/2-1/2


[Site "https://www.chess.com"]

[Event "Titled Tuesday Blitz February 07 Early 2023"]
[White "Zaichenko, Daria"]
[Black "Hoffmann, Asa"]
[WhiteFideId "4197453"]
[BlackFideId "2001470"]
[WhiteElo "2104"]
[BlackElo "2185"]
[Result "0-1"]
[Round "09"]
[TimeControl "180+2"]
[Date "2023.02.07"]
[WhiteClock "0:00:19"]
[BlackClock "0:00:30"]

1. e4 d6 2. d4 Nf6 3. Nc3 c6 4. f4 Qa5 5. Bd3 e5 6. Nf3 exd4 7. Nxd4 Qb6 8. Be2 Be7 9. h3 O-O 10. O-O Re8 11. b3 Bf8 12. Bf3 Na6 13. Be3 Nc5 14. e5 dxe5 15. fxe5 Rxe5 16. Bf2 Qb4 17. Nce2 Ne6 18. c3 Qe7 19. Bg3 Ra5 20. b4 Ra3 21. Bh4 h6 22. Bxf6 Qxf6 23. Bxc6 Qg5 24. Rf5 Qe3+ 25. Kh1 Nxd4 26. Nxd4 bxc6 27. Rf3 Qg5 28. Nxc6 Bb7 29. b5 Qxb5 30. c4 Qxc6 31. Qf1 Rxf3 32. gxf3 Qxf3+ 33. Qxf3 Bxf3+ 34. Kh2 Bd6+ 35. Kg1 Bc5+ 0-1


[Site "https://www.chess.com"]

[Event "Titled Tuesday Blitz February 07 Early 2023"]
[White "Antonio, Jorge Carlos"]
[Black "Miszler, Levente"]
[WhiteFideId "113190"]
[BlackFideId "763276"]
[WhiteElo "2277"]
[BlackElo "2271"]
[Result "1/2-1/2"]
[Round "09"]
[TimeControl "180+2"]
[Date "2023.02.07"]
[WhiteClock "0:00:22"]
[BlackClock "0:00:11"]

1. d4 Nf6 2. Nf3 c5 3. c3 b6 4. Bf4 Bb7 5. e3 g6 6. Nbd2 Bg7 7. Bd3 O-O 8. O-O d5 9. Ne5 Nbd7 10. Ndf3 Nh5 11. Nxd7 Qxd7 12. h4 Nxf4 13. exf4 Qg4 14. g3 Qh3 15. Re1 Rfe8 16. Bb5 Bf6 17. Bxe8 Rxe8 18. Qa4 Ra8 19. Ng5 Qf5 20. Kg2 a6 21. Nf3 c4 22. Qb4 b5 23. a4 Bc6 24. axb5 Bxb5 25. Ne5 h6 26. Qc5 e6 27. Qc7 Bxe5 28. Rxe5 Qc2 29. h5 gxh5 30. Rh1 Kg7 31. Rhxh5 Qg6 32. Reg5 hxg5 33. Rxg5 Rg8 34. Rxg6+ Kxg6 35. Qd6 Kf6 36. Qe5+ Ke7 37. Kf3 Rd8 38. g4 f6 39. Qh5 Ba4 40. Qh7+ Kd6 41. Qf7 f5 42. g5 Bd1+ 43. Kg3 Rd7 44. Qf6 Bh5 45. g6 Bxg6 46. Qxg6 Re7 47. Kf3 Rd7 48. Qe8 Re7 49. Qb8+ Kd7 50. Qb7+ Ke8 51. Qxa6 Kf7 52. Qd6 Re8 53. Qb6 Re7 54. b3 cxb3 55. Qxb3 Re8 56. Ke3 Re7 57. c4 dxc4 58. Qxc4 Rd7 59. f3 Ke7 60. Qc5+ Kf7 61. Qc6 Ke7 62. Kd3 Rd5 63. Kc4 Rd7 64. Qc5+ Kf7 65. Qe5 Ke7 66. Qg7+ Kd6 67. Qf6 Rb7 68. Qe5+ Kd7 69. d5 Rc7+ 70. Kd4 exd5 71. Qxf5+ Ke7 72. Qxd5 Rd7 73. Qxd7+ Kxd7 74. Ke5 Ke7 75. Kf5 Kf7 76. Kg5 Kg7 77. f5 Kf7 78. f6 Kf8 79. f4 Kf7 80. f5 Kf8 81. Kg6 Kg8 82. Kh6 Kf7 83. Kg5 Kf8 84. Kf4 Kf7 85. Ke5 Kf8 86. Ke6 Ke8 87. f7+ Kf8 88. Ke5 Kxf7 89. f6 Kf8 90. Kf5 Kf7 91. Kg5 Kf8 92. Kg6 Kg8 93. Kf5 Kf7 94. Ke5 Kf8 95. Ke6 Ke8 96. f7+ Kf8 97. Kf6 1/2-1/2


[Site "https://www.chess.com"]

[Event "Titled Tuesday Blitz February 07 Early 2023"]
[White "Alfaro, William"]
[Black "Bashirli, Saadat"]
[WhiteFideId "6100457"]
[BlackFideId "13429990"]
[WhiteElo "2134"]
[BlackElo "1571"]
[Result "1-0"]
[Round "09"]
[TimeControl "180+2"]
[Date "2023.02.07"]
[WhiteClock "0:01:38"]
[BlackClock "0:00:48"]

1. e4 e6 2. d4 d5 3. Nc3 Bb4 4. e5 c5 5. a3 Bxc3+ 6. bxc3 Nc6 7. Qg4 Kf8 8. Nf3 Nge7 9. h4 Nf5 10. Bd3 Qb6 11. Bxf5 exf5 12. Qf4 Be6 13. O-O Rc8 14. Be3 cxd4 15. cxd4 Ne7 16. Rab1 Qc6 17. Rb3 Ng6 18. Qg3 b6 19. h5 Ne7 20. h6 g6 21. Bg5 Qxc2 22. Rbb1 Qe4 23. Rbc1 Nc6 24. Bf6 Rg8 25. Ng5 Qg4 26. Qb3 f4 27. Rxc6 Rxc6 28. Qb4+ Rc5 29. dxc5 f3 30. cxb6+ Qxb4 31. axb4 axb6 32. Ra1 1-0


[Site "https://www.chess.com"]

[Event "Titled Tuesday Blitz February 07 Early 2023"]
[White "Smietanska, Wiktoria"]
[Black "Carrasco Miranda, Andres"]
[WhiteFideId "21869359"]
[BlackFideId "3405990"]
[WhiteElo "1936"]
[BlackElo "2240"]
[Result "0-1"]
[Round "09"]
[TimeControl "180+2"]
[Date "2023.02.07"]
[WhiteClock "0:00:01"]
[BlackClock "0:01:40"]

1. c4 Nf6 2. Nc3 g6 3. g3 Bg7 4. Bg2 O-O 5. e4 c5 6. Nge2 Nc6 7. d3 d6 8. O-O Rb8 9. h3 Ne8 10. Be3 a6 11. a4 Nc7 12. d4 cxd4 13. Nxd4 Ne6 14. Nce2 Ne5 15. b3 Qa5 16. f4 Nc6 17. g4 Qb4 18. Rb1 Ncxd4 19. Nxd4 Nxd4 20. Bxd4 Bxd4+ 21. Qxd4 b5 22. axb5 axb5 23. Rbc1 Ba6 24. h4 Qxb3 25. h5 bxc4 26. Rb1 Qd3 27. Qa1 c3 28. Rfd1 Qe3+ 29. Kh1 c2 30. h6 cxd1=Q+ 31. Rxd1 e5 32. Qxa6 Qxf4 33. Qxd6 Qxh6+ 34. Kg1 Qe3+ 35. Kh2 Qf4+ 36. Kg1 Rb2 37. Qd7 Qf2+ 38. Kh1 Qxg2# 0-1


[Site "https://www.chess.com"]

[Event "Titled Tuesday Blitz February 07 Early 2023"]
[White "I_KID_you_not"]
[Black "Ciuffoletti, Paolo"]
[BlackFideId "807630"]
[WhiteElo "2342"]
[BlackElo "2106"]
[Result "1-0"]
[Round "09"]
[TimeControl "180+2"]
[Date "2023.02.07"]
[WhiteClock "0:00:42"]
[BlackClock "0:00:03"]

1. e4 c5 2. Nc3 Nc6 3. Bb5 g6 4. Bxc6 bxc6 5. d3 Bg7 6. f4 d5 7. Nf3 Bg4 8. e5 h5 9. h3 Bxf3 10. Qxf3 h4 11. f5 Bxe5 12. fxg6 Bg3+ 13. Kd1 fxg6 14. Qg4 Kf7 15. Ne2 Nf6 16. Rf1 Kg7 17. Qe6 Qd6 18. Qxd6 Bxd6 19. Bg5 Rh5 20. Bf4 Rf5 21. Kd2 Bxf4+ 22. Rxf4 Rxf4 23. Nxf4 e5 24. Ne6+ Kf7 25. Nxc5 Ke7 26. Rf1 Rf8 27. Ke2 Kd6 28. Nb7+ Kc7 29. Nc5 Kd6 30. b4 a5 31. a3 axb4 32. axb4 Nd7 33. Nxd7 Rxf1 34. Kxf1 Kxd7 35. c4 Ke6 36. Ke2 Kd6 37. Ke3 Ke6 38. Kd2 Kd6 39. Kc3 Ke6 40. b5 cxb5 41. cxb5 Kd6 42. Kb4 g5 43. b6 1-0


[Site "https://www.chess.com"]

[Event "Titled Tuesday Blitz February 07 Early 2023"]
[White "Gharamian, Tigran"]
[Black "Matveeva, Olga"]
[WhiteFideId "13301527"]
[BlackFideId "24107018"]
[WhiteElo "2601"]
[BlackElo "2128"]
[Result "1-0"]
[Round "09"]
[TimeControl "180+2"]
[Date "2023.02.07"]
[WhiteClock "0:00:51"]
[BlackClock "0:01:06"]

1. d4 d5 2. Nf3 Nf6 3. e3 e6 4. Bd3 c5 5. c3 Nc6 6. Nbd2 Bd6 7. O-O O-O 8. dxc5 Bxc5 9. Qe2 b6 10. e4 dxe4 11. Nxe4 Bb7 12. Nxc5 bxc5 13. Rd1 Qc7 14. Bg5 Rfd8 15. Qe3 Rd5 16. Bxf6 gxf6 17. Qh6 Rxd3 18. Rxd3 Rd8 19. Rad1 Qe7 20. Rxd8+ Nxd8 21. Qd2 Bd5 22. c4 1-0


[Site "https://www.chess.com"]

[Event "Titled Tuesday Blitz February 07 Early 2023"]
[White "Manon-og, Ramon Jr."]
[Black "Good, Daniel"]
[WhiteFideId "5200776"]
[BlackFideId "1302388"]
[WhiteElo "1999"]
[BlackElo "2141"]
[Result "1-0"]
[Round "09"]
[TimeControl "180+2"]
[Date "2023.02.07"]
[WhiteClock "0:02:14"]
[BlackClock "0:02:08"]

1. e4 c6 2. d4 d5 3. e5 Bf5 4. Nd2 c5 5. dxc5 e6 6. Nb3 Nd7 7. Nf3 Nxc5 8. Nxc5 Bxc5 9. Bb5+ Kf8 10. O-O a6 11. Bd3 Ne7 12. Bg5 Bxd3 13. Qxd3 h6 14. Be3 Bxe3 15. fxe3 Qb6 16. Nd4 Rc8 17. Rf2 Ng6 18. Qxg6 1-0


[Site "https://www.chess.com"]